 Dungeon Crawl Stone Soup version 0.31.0-9-g3a7656b989 (webtiles) character file.

Game seed: 1968782393892765262

3604 Gottschkopf the Destroyer (level 9, -2/49 HPs)
             Began as a Deep Elf Conjurer on Jan 29, 2024.
             Was an Elder of Wu Jian.
             Killed by vampiric draining
             ... invoked by a vampire
              (21 damage)
             ... on level 7 of the Dungeon.
             The game lasted 00:30:32 (6305 turns).

Gottschkopf the Destroyer (Deep Elf Conjurer)       Turns: 6305, Time: 00:30:33

Health: -2/49      AC:  5    Str:  3    XL:     9   Next: 86%
Magic:  10/23      EV: 15    Int: 32    God:    Wu Jian [****..]
Gold:   566        SH:  0    Dex: 12    Spells: 9/24 levels left

rFire   . . .        d - +5 dagger (freeze)
rCold   . . .        (no shield)
rNeg    . . .        a - +0 robe
rPois   +            (no helmet)
rElec   .            (no cloak)
rCorr   .            q - +0 pair of gloves
SInv    .            (no boots)
Will    .....        g - amulet of magic regeneration
Stlth   +++          A - ring of poison resistance
HPRegen 0.28/turn    (no ring)
MPRegen 0.58/turn

%: no passive effects
@: no status effects
A: iridescent scales 1, clever 1
a: Renounce Religion, Wall Jump, Serpent's Lash


You were on level 7 of the Dungeon.
You worshipped Wu Jian.
Wu Jian was greatly pleased with you.
You visited 1 branch of the dungeon, and saw 7 of its levels.
You also visited: Ossuary.

You collected 566 gold pieces.

Inventory:

Hand Weapons
 d - a +5 dagger of freezing (weapon)
 C - the +8 dagger "Zuafer" {flame, rC++ Str+3 Int-5 SInv}
   (You found it on level 3 of the Dungeon)

   Str+3:     It affects your strength (+3).
   Int-5:     It affects your intelligence (-5).
   rC++:      It greatly protects you from cold.
   SInv:      It lets you see invisible.
 E - a +2 whip of electrocution
Missiles
 I - a throwing net
Armour
 a - a +0 robe (worn)
 q - a +0 pair of gloves (worn)
Magical Staves
 w - a staff of cold
Jewellery
 g - an amulet of magic regeneration (around neck)
 A - a ring of poison resistance (left hand)
Wands
 F - a wand of flame (28)
 H - a wand of paralysis (7)
 J - a wand of polymorph (4)
Scrolls
 e - 4 scrolls of noise {unknown}
 f - 2 scrolls of poison
 h - a scroll of enchant armour {unknown}
 i - a scroll of blinking {unknown}
 j - a scroll of amnesia {unknown}
 l - 4 scrolls of immolation
 n - 2 scrolls of vulnerability {unknown}
 r - a scroll of revelation
 u - 3 scrolls of teleportation
 v - a scroll of fear {unknown}
 x - a scroll of torment {unknown}
 y - a scroll of brand weapon {unknown}
 B - a scroll of enchant weapon {unknown}
 D - 2 scrolls of silence {unknown}
Potions
 b - 2 potions of magic
 c - 7 potions of curing
 k - a potion of berserk rage {unknown}
 m - 3 potions of lignification
 o - 2 potions of brilliance
 p - 3 potions of heal wounds
 s - 2 potions of haste {unknown}
 t - a potion of enlightenment {unknown}
 z - 3 potions of attraction
 G - 2 potions of resistance {unknown}
 K - a potion of cancellation {unknown}
 M - a potion of degeneration {unknown}


   Skills:
 + Level 2.3 Fighting
 * Level 8.7 Dodging
 + Level 6.8 Stealth
 + Level 8.1 Spellcasting
 + Level 9.2 Conjurations
 - Level 3.1 Translocations
 - Level 2.9 Earth Magic
 - Level 3.2 Alchemy


You had 9 spell levels left.
You knew the following spells:

 Your Spells              Type           Power      Damage    Failure   Level
a - Magic Dart            Conj           100%       1d8       1%          1
b - Searing Ray           Conj           100%       2d8       1%          2
c - Fulminant Prism       Conj/Alch      26%        3d14      2%          4
d - Iskenderun's Mystic   Conj/Tloc      52%        2d11      2%          4
e - Brom's Barrelling Bo  Conj/Erth      51%        2d7       3%          4

Your spell library contained the following spells:

 Spells                   Type           Power      Damage    Failure   Level
 Sandblast                Erth           64%        2d14      1%          1
 Stone Arrow              Conj/Erth      100%       3d13      1%          3
 Passwall                 Erth           32%        N/A       3%          3
 Tukima's Dance           Hex            13%        N/A       11%         3
 Dimensional Bullseye     Hex/Tloc       11%        N/A       19%         4


Dungeon Overview and Level Annotations

Branches:
Dungeon (7/15)             Temple (0/1) D:6         Ossuary (visited)

Altars:
Ashenzari
Elyvilon
Fedhas
Makhleb
Trog
Wu Jian
Xom
Zin

Shops:
D:2 [?*   D:4 =   D:5 [   D:6 *   D:7 :[


Innate Abilities, Weirdness & Mutations

You are partially covered in iridescent scales. (AC +2)
Your mind is acute. (Int +4, Str/Dex -1)


Message History

A fulminant prism comes into view.
You hear a loud crackle.
You hear an explosion!
You lunge at the vampire.
You hit the vampire.
The vampire is lightly damaged.
The vampire hits you. The vampire completely misses you.
You spin and attack the vampire.
You closely miss the vampire.
The vampire is lightly damaged.
The vampire hits you but does no damage.
The vampire bites you.
The vampire draws strength from your injuries!
The vampire attacks as it pursues you! The vampire closely misses you.
The vampire bites you!
The vampire draws strength from your injuries!
The vampire attacks as it pursues you! The vampire misses you.
The vampire bites you.
The vampire draws strength from your injuries!
Casting: Fulminant Prism (dangerous; 2% risk of failure)
Confirm with . or Enter, or press ? or * to list all spells.
You erupt in a blast of force!
The mystic blast hits the vampire but does no damage.
The vampire misses you. The vampire bites you!
The vampire draws strength from your injuries!
Casting: Iskenderun's Mystic Blast (dangerous; 2% risk of failure)
Confirm with . or Enter, or press ? or * to list all spells.
You erupt in a blast of force!
The mystic blast hits the vampire!
The vampire is moderately damaged.
The vampire is knocked back by the mystic blast.
Casting: Iskenderun's Mystic Blast (dangerous; 2% risk of failure)
Confirm with . or Enter, or press ? or * to list all spells.
Aiming: Searing Ray (safe; 1% risk of failure)
Press: ? - help, Shift-Dir - straight line, f - vampire
Aim: a vampire (moderately damaged, 83% to hit)
The searing ray hits the vampire!
The vampire is heavily damaged. (Press . to maintain the ray.)
The searing ray hits the vampire.
The vampire is heavily damaged.
The searing ray misses the vampire.
The vampire draws life force from you!!
You die...

#....*........ #.#...........
########## #.#..#####..#.
#........# #.#....#.###..
#........###.#..#.##..##.
######.................#...##.
###.......................##.##.
#...................[..#.#.#..#.
#..............@V...#..#..#.)...
#......................#..##...#
#.....)...............#.#..#..#.
#.............##....(.#..###.#.#
#............###....#...## ##.#.
######+#.............)#.## .#. .
#.....#............##.#..##.#
#.....+>.......†...........#
.......#<...........#######.#


You could see a vampire.

Vanquished Creatures
  A two-headed ogre (D:7)
  A komodo dragon (D:7)
  A steam dragon (D:7)
  A water moccasin (D:6)
  An orc warrior (D:7)
  An ice beast (D:6)
  A black bear (D:7)
  A sky beast (D:7)
  3 ogres
  A centaur (D:7)
  A phantom (D:6)
  2 bullfrogs
  A kobold brigand (D:7)
  A scorpion (D:7)
  9 wights (D:7)
  3 bombardier beetles
  A hound (D:7)
  5 jellies
  3 orc priests
  2 iguanas
  A sleepcap (D:5)
  Jessica (D:2)
  Natasha (thrice) (D:4)
  6 orc wizards
  8 mummies (Ossuary)
  6 gnolls
  8 adders
  A shadow imp (D:6)
  3 white imps
  4 ribbon worms
  3 dart slugs
  25 orcs
  8 ball pythons
  5 bats
  3 endoplasms
  2 giant cockroaches (D:1)
  A gnoll zombie (Ossuary)
  5 goblins
  4 hobgoblins
  10 kobolds
  2 quokkas
  5 frilled lizards
  5 hobgoblin zombies (Ossuary)
  2 orc zombies (Ossuary)
  2 rats
163 creatures vanquished.

Vanquished Creatures (collateral kills)
  A boulder (D:7)
1 creature vanquished.

Vanquished Creatures (others)
  29 fulminant prisms
29 creatures vanquished.

Grand Total: 193 creatures vanquished

Notes
Turn   | Place    | Note
-------+----------+-------------------------------------------
     0 | D:1      | Gottschkopf the Deep Elf Conjurer began the quest for the
                  | Orb.
     0 | D:1      | Reached XP level 1. HP: 10/10 MP: 6/6
   222 | D:1      | Found a faded altar of an unknown god.
   237 | D:1      | Prayed at the altar of an unknown god.
   237 | D:1      | Became a worshipper of the Wu Jian Council
   237 | D:1      | Reached * piety under Wu Jian
   288 | D:1      | Reached XP level 2. HP: 15/15 MP: 6/8
   800 | D:2      | Noticed Jessica
   806 | D:2      | Killed Jessica
   807 | D:2      | Reached skill level 5 in Conjurations
   807 | D:2      | Reached XP level 3. HP: 12/19 MP: 10/10
   839 | D:2      | Found Siuneich's Antique Armour Shop.
   876 | D:2      | Found Zuomuo's Antique Weapon Shop.
   886 | D:2      | Found Orenor's Assorted Antiques.
  1020 | D:2      | Found Qihe's Magic Scroll Shop.
  1191 | D:2      | Reached XP level 4. HP: 24/24 MP: 8/11
  1329 | D:2      | Found Voucief's Armour Shop.
  1365 | D:3      | Learned a level 2 spell: Searing Ray
  1422 | D:3      | Reached ** piety under Wu Jian
  1606 | D:3      | Found a shimmering altar of Xom.
  1607 | D:3      | Noticed an angel
  1615 | D:3      | Found a glowing silver altar of Zin.
  1665 | D:3      | Reached XP level 5. HP: 28/28 MP: 11/13
  1668 | D:3      | You fall into a shaft and drop 1 floor!
  1807 | D:4      | Noticed an ogre
  1812 | D:4      | Killed an ogre
  1813 | D:4      | Reached skill level 6 in Conjurations
  1882 | D:4      | Found a blossoming altar of Fedhas.
  2015 | D:3      | Identified the +8 dagger "Zuafer" {flame, rC++ Str+3 Int-5
                  | SInv}
  2091 | D:3      | Found a burning altar of Makhleb.
  2750 | D:4      | Noticed Natasha
  2757 | D:4      | Learned a level 4 spell: Fulminant Prism
  2763 | D:4      | Killed Natasha
  2764 | D:4      | Reached XP level 6. HP: 32/32 MP: 10/15
  2803 | D:4      | Found an ornate altar of the Wu Jian Council.
  2873 | D:4      | Found Qiklopso's Jewellery Shop.
  2877 | D:4      | Noticed Natasha
  2881 | D:4      | Killed Natasha
  2882 | D:4      | Reached skill level 1 in Alchemy
  2888 | D:4      | Learned a level 4 spell: Iskenderun's Mystic Blast
  3315 | D:4      | Noticed Natasha
  3318 | D:4      | Killed Natasha
  3357 | D:4      | Found a white marble altar of Elyvilon.
  3642 | D:5      | Entered Level 5 of the Dungeon
  3662 | D:5      | Reached skill level 7 in Conjurations
  3794 | D:5      | Found Umefelae's Antique Armour Shop.
  3815 | D:5      | Found a broken altar of Ashenzari.
  3831 | D:5      | Reached *** piety under Wu Jian
  3846 | D:5      | Reached XP level 7. HP: 36/36 MP: 11/16
  4136 | D:5      | Reached skill level 5 in Spellcasting
  4205 | D:5      | Reached skill level 1 in Translocations
  4359 | D:5      | Found a bloodstained altar of Trog.
  4557 | D:6      | Found Feilopp's Neck Hole.
  4667 | D:6      | Reached XP level 8. HP: 21/41 MP: 12/18
  4698 | D:6      | Reached skill level 8 in Conjurations
  4737 | D:6      | Reached skill level 5 in Dodging
  4743 | D:6      | Found a sand-covered staircase.
  4752 | Ossuary  | Entered an ossuary
  4817 | Ossuary  | Reached **** piety under Wu Jian
  4977 | Ossuary  | Gained mutation: You are dopey. (Int -2) [potion of
                  | mutation]
  4977 | Ossuary  | Gained mutation: Your flesh is heat resistant. (rF+)
                  | [potion of mutation]
  4977 | Ossuary  | Gained mutation: You have large cloven feet. [potion of
                  | mutation]
  4978 | Ossuary  | Lost mutation: Your flesh is heat resistant. (rF+) [potion
                  | of mutation]
  4978 | Ossuary  | Lost mutation: You are dopey. (Int -2) [potion of mutation]
  4978 | Ossuary  | Gained mutation: You have a pair of small antennae on your
                  | head. [potion of mutation]
  4978 | Ossuary  | Gained mutation: Your spells are a little harder to cast,
                  | but a little more powerful. [potion of mutation]
  4979 | Ossuary  | Lost mutation: You have large cloven feet. [potion of
                  | mutation]
  4979 | Ossuary  | Lost mutation: You have a pair of small antennae on your
                  | head. [potion of mutation]
  4979 | Ossuary  | Gained mutation: You are partially covered in iridescent
                  | scales. (AC +2) [potion of mutation]
  4980 | Ossuary  | Lost mutation: You are partially covered in iridescent
                  | scales. (AC +2) [potion of mutation]
  4980 | Ossuary  | Lost mutation: Your spells are a little harder to cast, but
                  | a little more powerful. [potion of mutation]
  4980 | Ossuary  | Gained mutation: Your mind is acute. (Int +4, Str/Dex -1)
                  | [potion of mutation]
  4980 | Ossuary  | Gained mutation: You are partially covered in iridescent
                  | scales. (AC +2) [potion of mutation]
  5435 | D:6      | Learned a level 4 spell: Brom's Barrelling Boulder
  5509 | D:7      | Reached skill level 1 in Earth Magic
  5562 | D:7      | Reached skill level 5 in Stealth
  5609 | D:7      | Found Ingocax's Antique Armour Boutique.
  5661 | D:7      | Reached XP level 9. HP: 45/45 MP: 7/21
  5813 | D:7      | Found Feilopp's Book Emporium.
  5977 | D:7      | Reached skill level 1 in Fighting
  6191 | D:7      | Noticed a two-headed ogre
  6191 | D:7      | Noticed a komodo dragon
  6207 | D:7      | Killed a two-headed ogre
  6208 | D:7      | Reached skill level 9 in Conjurations
  6279 | D:7      | Killed a komodo dragon
  6286 | D:7      | Noticed a troll
  6305 | D:7      | Killed from afar by a vampire

Illustrated notes

Levels and vault maps discovered:
D:1:      dpeg_arrival_water_temple_mockup, layout_loops_ring,
          hellmonk_ecumenical_altar_blasted, hangedman_feature_mirror,
          reono_crystal_passage, minmay_tetromino_t2
D:2:      layout_loops_ring, serial_shops, nicolae_shop_pleasant_corner_grove,
          nicolae_shop_back_alley_shop, shop, nicolae_shop_tiny_glass, shop,
          uniq_jessica
D:3:      layout_basic, grunt_temple_overflow_order_and_chaos_1, bloody_makhleb,
          minmay_puff
D:4:      layout_layer_cave, nicolae_wu_jian_immortal_techniques,
          kennysheep_mini_moat, fedhas_altar_4, serial_shops,
          nicolae_shop_gaudy_bauble, uniq_natasha
D:5:      layout_loops_ring, pf_just_have_faith, mainiacjoe_overflow_paths,
          serial_shops, shop, minmay_misc_feat_iff
D:6:      layout_rooms, minmay_temple_entry_from_below_a,
          nicolae_ossuary_entry_monument, nicolae_shop_sticking_my_neck_out
D:7:      layout_basic, serial_shops, nicolae_stop_n_shop_1, shop,
          minmay_shattered_shrine

Skill      XL: |  1  2  3  4  5  6  7  8  9 |
---------------+----------------------------+-----
Dodging        | 3 4 6 8 |  8.7
Stealth        | 3 5 6 |  6.8
Conjurations   | 5 6 7 8 9 |  9.2
Spellcasting   | 4 5 7 8 |  8.1
Alchemy        | 3 |  3.2
Translocations | 3 |  3.1
Earth Magic    | 2 |  2.9
Fighting       | 2 |  2.3

Action                     |  1- 3 |  4- 6 |  7- 9 || total
---------------------------+-------+-------+-------++-------
  Melee: Dagger            |     2 |     4 |     2 ||     8
         Whip              |       |     4 |    10 ||    14
         Punch             |       |     1 |       ||     1
   Cast: Magic Dart        |    53 |   136 |   184 ||   373
         Searing Ray       |       |     6 |    19 ||    25
         Fulminant Prism   |       |     4 |    25 ||    29
         Iskenderun's Myst |       |       |     5 ||     5
         Brom's Barrelling |       |       |     1 ||     1
Ability: Lunge             |       |     1 |     2 ||     3
         Whirlwind         |       |     2 |     4 ||     6
    Use: Scroll            |       |     5 |     5 ||    10
         Potion            |       |       |     4 ||     4
 Armour: Robe              |     4 |    10 |    36 ||    50
  Dodge: Dodged            |     4 |    15 |    34 ||    53
